 Dungeon Crawl Stone Soup version 0.31-a0-1591-g515db51 (webtiles) character file.

Game seed: 9262606438979007830

448 Dorkslayer the Changeling (level 7, -4/67 HPs)
             Began as an Oni Shapeshifter on Jan 5, 2024.
             Slain by a crocodile (10 damage)
             ... in a sewer on Jan 6, 2024.
             The game lasted 00:06:24 (2496 turns).

Dorkslayer the Changeling (Oni Shapeshifter)        Turns: 2496, Time: 00:06:24

Health: -4/67      AC:  3    Str: 25    XL:     7   Next: 4%
Magic:  7/7        EV:  7    Int: 15    God:
Gold:   143        SH: 10    Dex: 10    Spells: 6/6 levels left

rFire   . . .        g - +1 mace
rCold   . . .        q - +0 tower shield
rNeg    . . .        a - +0 animal skin
rPois   .            (helmet currently unavailable)
rElec   .            (cloak currently unavailable)
rCorr   +            (gloves unavailable)
SInv    .            (boots unavailable)
Will    .....        (no amulet)
Stlth   +            l - ring of the Wary Ears {rCorr Str+6 Int+4}
HPRegen 0.31/turn    (no ring)
MPRegen 0.10/turn

%: no passive effects
@: beast-form, invisible
A: beast (slay +2), large, unfitting armour, horns 1, tough skin 1, double
potion healing, drunken brawling
a: Begin Untransformation


You were in a sewer.
You were a hulking beast.
You visited 1 branch of the dungeon, and saw 4 of its levels.
You also visited: Sewer.

You collected 143 gold pieces.

Inventory:

Hand Weapons
 g - a +1 mace (weapon)
Missiles
 k - 5 javelins
Armour
 a - a +0 animal skin (worn)
 q - a +0 tower shield (worn)
Jewellery
 l - the ring of the Wary Ears (left hand) {rCorr Str+6 Int+4}
   (You found it on level 2 of the Dungeon)

   [ring of strength]

   Str+6:     It affects your strength (+6).
   Int+4:     It affects your intelligence (+4).
   rCorr:     It protects you from acid and corrosion.
Talismans
 c - a beast talisman
 d - a flux talisman
Wands
 n - a wand of flame (17)
Scrolls
 f - a scroll of amnesia
 j - a scroll of blinking
Potions
 b - 2 potions of lignification
 e - a potion of mutation
 i - a potion of brilliance {unknown}
 m - a potion of enlightenment {unknown}
 o - a potion of might {unknown}
 p - a potion of curing {unknown}
 r - a potion of haste {unknown}


   Skills:
 + Level 3.4 Fighting
 + Level 3.6 Maces & Flails
 + Level 3.0 Dodging
 + Level 0.2 Stealth
 * Level 1.0 Shields
 + Level 3.3 Unarmed Combat
 * Level 1.6 Evocations
 + Level 3.7 Shapeshifting


You had 6 spell levels left.
You didn't know any spells.
Your spell library contained the following spells:

 Spells                   Type           Power      Damage    Failure   Level
 Sting                    Conj/Alch      0%         1d3       86%         1
 Frozen Ramparts          Ice            0%         1d1       99%         3
 Summon Ice Beast         Ice/Summ       0%         N/A       99%         3
 Summon Mana Viper        Hex/Summ       0%         N/A       100%        5
 Yara's Violent Unravell  Hex/Alch       0%         3d3       100%        5
 Eringya's Noxious Bog    Alch           0%         4d6       100%        6
 Monstrous Menagerie      Summ           0%         N/A       100%        7


Dungeon Overview and Level Annotations

Branches:
Dungeon (4/15)              Sewer (1/1)
 Temple: D:4-7

Altars:


Innate Abilities, Weirdness & Mutations

You are a hulking beast.
Your limbs bulge with bestial killing power. (Slay +2)
You are too large for most types of armour.
You have a pair of small horns on your head.
You have tough skin. (AC +1)
You gain doubled healing and magic from potions.
Whenever you drink a healing potion, you attack all around you.


Message History

The river rat bites you but does no damage.
You closely miss the river rat.
The river rat is almost dead.
You block the river rat's attack.
You barely miss the river rat.
The river rat is almost dead.
You block the river rat's attack. The river rat barely misses you.
You hit the river rat.
You kill the river rat!
The crocodile bites you! The crocodile drags you backwards!
Splash!
You barely miss the crocodile. You headbutt the crocodile.
The crocodile is lightly wounded.
The crocodile bites you! The crocodile drags you backwards!
Splash!
You block the crocodile's attack.
You closely miss the crocodile. You headbutt the crocodile.
The crocodile is lightly wounded.
You block the crocodile's attack.
You hit the crocodile.
The crocodile is moderately wounded.
You block the crocodile's attack. x2
You hit the crocodile. Your headbutt misses the crocodile.
The crocodile is heavily wounded.
The crocodile bites you! The crocodile drags you backwards!
Splash!
You sock the crocodile!
The crocodile is almost dead.
The crocodile bites you!
* * * LOW HITPOINT WARNING * * *
The crocodile drags you backwards!
Splash!
The crocodile bites you!
* * * LOW HITPOINT WARNING * * *
The crocodile drags you backwards!
Splash!
It was a potion of invisibility.
You fade into invisibility!
The crocodile bites you!
You die... .P. ~PP

#~# ≈≈≈.~~.~ #~#
#≈#≈≈≈≈≈≈≈
#~#≈≈≈≈≈#≈#≈≈≈≈≈≈≈
#~#≈≈≈≈≈#≈#≈≈≈≈≈≈≈
#l#≈≈≈≈≈#≈#≈≈≈≈≈≈≈
#h#≈≈≈≈≈#≈#≈≈≈≈≈≈≈ ≈
#~#≈≈≈≈≈#≈#≈≈≈≈≈≈≈ ≈≈
#~#≈≈≈≈≈#≈#≈≈≈~... ≈≈≈
#~#≈≈≈≈≈#.#~..~~~.
≈≈≈≈
#†#≈≈~~...P~~...~.
≈≈≈..
#~#.~.PPP~~.~~.###
≈≈≈~.~#†#.~P...~~~~~##
≈≈~~..P~~.P.~...~~~.#
≈≈~~~..~~..~~...~~.##


You could see a crocodile.

Vanquished Creatures
  Grinder (D:3)
  A kobold brigand (Sewer)
  Jessica (D:2)
  3 adders
  4 river rats (Sewer)
  4 dart slugs
  3 ribbon worms
  5 orcs (D:3)
  A bat (D:2)
  7 endoplasms
  3 giant cockroaches
  4 goblins
  5 hobgoblins
  4 jackals
  5 quokkas
  7 ball pythons
  2 frilled lizards
  11 kobolds
  12 rats
83 creatures vanquished.

Notes
Turn   | Place    | Note
-------+----------+-------------------------------------------
     0 | D:1      | Dorkslayer the Oni Shapeshifter began the quest for the
                  | Orb.
     0 | D:1      | Reached XP level 1. HP: 19/19 MP: 1/1
   193 | D:1      | Reached XP level 2. HP: 27/27 MP: 2/2
   376 | D:1      | Upgraded the game from 0.31-a0-1589-g8f5e8ae to
                  | 0.31-a0-1591-g515db51
   512 | D:1      | Reached XP level 3. HP: 33/33 MP: 3/3
   513 | D:1      | You fall into a shaft and drop 1 floor!
   526 | D:2      | Identified the ring of the Wary Ears {rCorr Str+6 Int+4}
   603 | D:2      | Noticed Jessica
   611 | D:2      | Killed Jessica
   612 | D:2      | Reached skill level 1 in Maces & Flails
   612 | D:2      | Reached XP level 4. HP: 42/42 MP: 4/4
  1597 | D:3      | Noticed Grinder
  1608 | D:3      | Killed Grinder
  1609 | D:3      | Reached skill level 1 in Evocations
  1609 | D:3      | Reached XP level 5. HP: 43/53 MP: 5/5
  1609 | D:3      | Reached XP level 6. HP: 49/61 MP: 6/6
  2114 | D:3      | Got the Atlas of Frigorific Composition
  2173 | D:4      | Found a glowing drain.
  2186 | Sewer    | Entered a sewer
  2485 | Sewer    | Reached skill level 1 in Shields
  2485 | Sewer    | Reached XP level 7. HP: 67/67 MP: 7/7
  2496 | Sewer    | Slain by a crocodile

Illustrated notes

Levels and vault maps discovered:
D:1:      dpeg_arrival_erosion, layout_basic
D:2:      layout_basic, uniq_jessica
D:3:      layout_basic, uniq_grinder
D:4:      layout_rooms, mainiacjoe_overflow_catwalk, kennysheep_mini,
          portal_sewer_entry_f
Sewer:    sewer_co_scattered_pipes

Skill      XL: |  1  2  3  4  5  6 |
---------------+-------------------+-----
Unarmed Combat | 3 |  3.3
Maces & Flails | 1 3 |  3.6
Fighting       | 3 |  3.4
Dodging        | 2 3 |  3.0
Evocations     | 1 |  1.6
Shields        | 1 |  1.0
Stealth        | |  0.2
Shapeshifting  | |  3.7

Action                     |  1- 3 |  4- 6 |  7- 9 || total
---------------------------+-------+-------+-------++-------
  Melee: Mace              |    64 |   144 |     9 ||   217
         Headbutt          |    11 |    30 |     2 ||    43
         Unarmed           |     1 |       |       ||     1
  Evoke: Wand              |       |     4 |       ||     4
    Use: Scroll            |     2 |     6 |       ||     8
         Potion            |       |       |     1 ||     1
 Armour: Animal skin       |    32 |   109 |     7 ||   148
  Dodge: Dodged            |    38 |    65 |     1 ||   104
  Block: Tower shield      |       |    40 |     7 ||    47

Table legend: (Time is in decaauts)
 A = Elapsed time spent in this place.
 B = Non-inter-level travel time spent in this place.
 C = Inter-level travel time spent in this place.
 D = Time resting spent in this place.
 E = Time spent auto-exploring this place.
 F = Levels seen in this place.
 G = Mean time per level.
                   A        B        C        D        E       F      G
               +--------+--------+--------+--------+--------+-----+--------+
         Total |   2581 |   2581 |      0 |      0 |   1468 |   5 |  516.2 |
       Dungeon |   2244 |   2244 |      0 |      0 |   1273 |   4 |  561.0 |
         Sewer |    336 |    336 |      0 |      0 |    195 |   1 |  336.0 |
               +--------+--------+--------+--------+--------+-----+--------+

Top non-repeatable levels by time:
     D:3: 1000 daAuts
     D:2: 659 daAuts
     D:1: 531 daAuts
   Sewer: 336 daAuts
     D:4: 53 daAuts
